Workbook

Sheet Bank account
A1: East Croydon Community Organisation Account
A3: Bank account
A5: Date | B5: Item | C5: Receipt | D5: Payment | E5: Balance
A7: 43282 | B7: Balance brought forward | E7: 637.08

Sheet Income
A1: East Croydon Community Organisation Account
A3: Income
A5: Date paid into account | B5: Item | C5: Amount | E5: Collections | F5: Fun day grant | G5: Welcome Grant | H5: Planting Grant | I5: Interest | J5: Children's Activities Grant
A7: 43285 | B7: Collection at AGM & Summer Fair | C7: 62.5 | E7: 62.5
A8: 43411 | B8: Collection at Halloween | C8: 65.5 | E8: 65.5
A9: 43503 | B9: Community Ward Budget | C9: 1480 | J9: 1480
A10: 43555 | B10: Interest | C10: 3.54 | I10: 3.54
A11: 43529 | B11: Community Ward Budget Top-up | C11: 100 | J11: 100
A12: 43614 | B12: Collection at Half-Term Event | C12: 34 | E12: 34
A13: 43620 | B13: Collection at Big Lunches | C13: 30 | E13: 30
A16: TOTAL | C16: =SUM(C7:C15) -> 1775.54 | E16: =SUM(E7:E15) -> 192 | F16: =SUM(F7:F15) -> 0 | G16: =SUM(G7:G15) -> 0 | H16: =SUM(H7:H15) -> 0 | I16: =SUM(I7:I15) -> 3.54 | J16: =SUM(J7:J15) -> 1580

Sheet Expenditure
A1: East Croydon Community Organisation Account
A3: Expenditure
A6: Date taken from account | B6: Item | C6: Amount | D6: Domain | E6: AGM | F6: Pub Quiz | G6: Insurance | H6: Welcome events | I6: Planting | J6: External events | K6: Fun day | L6: Children's Activities Grant | M6: Reciept
A8: 43347 | B8: Room hire AGM | C8: 60 | E8: 60 | M8: 1
A9: 43347 | B9: Stall Ark Oval summer fete | C9: 10 | J9: 10 | M9: 1
A10: 43411 | B10: Domain name | C10: 32.25 | D10: 32.25 | M10: 3
A11: 43411 | B11: Plants for Bisenden bed | C11: 354.4 | I11: 354.4 | M11: 4
A12: 43455 | B12: Plants for Bisenden bed | C12: 76.92 | I12: 76.92 | M12: 5
A13: 43530 | B13: Hire of Ark Oval - Half Term Event | C13: 250 | L13: 250 | M13: 6
A14: 43530 | B14: Public liability insurance | C14: 164.4 | G14: 164.4 | M14: 7
A15: 43614 | B15: Flyers for Half Term Event | C15: 30 | L15: 30 | M15: 8
A16: 43614 | B16: Hire of Tunstall Nursery - Craft Event | C16: 100 | L16: 100 | M16: 9
A17: 43614 | B17: Plates, cups etc - Half Term event | C17: 18 | L17: 18 | M17: 10
A18: 43614 | B18: Clare Winston - Half Term event | C18: 120 | L18: 120 | M18: 11
A19: 43614 | B19: CroySutt Warriors - Half Term event | C19: 75 | L19: 75 | M19: 12
A20: 43614 | B20: Solid Rock Academy- Half Term event | C20: 150 | L20: 150 | M20: 13
A21: 43614 | B21: Food - Half Term event | C21: 16.67 | L21: 16.67 | M21: 14
A22: 43614 | B22: Food - Half Term event | C22: 3.88 | L22: 3.88 | M22: 15
A23: 43644 | B23: Gavin Kinch - children's activity | C23: 350 | L23: 350 | M23: 16
A24: 43644 | B24: AGM leaflets | C24: 30 | E24: 30 | M24: 17
A25: 43644 | B25: Cups, plates for AGM and Craft event | C25: 24.88 | E25: 7.82 | L25: 17.06 | M25: 18
A26: Total | C26: =SUM(C8:C25) -> 1866.4 | D26: =SUM(D8:D25) -> 32.25 | E26: =SUM(E8:E25) -> 97.82 | F26: =SUM(F8:F25) -> 0 | G26: =SUM(G8:G25) -> 164.4 | H26: =SUM(H8:H25) -> 0 | I26: =SUM(I8:I25) -> 431.32 | J26: =SUM(J8:J25) -> 10 | ... L26: =SUM(L8:L25) -> 1130.61

Sheet Accounts
A1: East Croydon Community Organisation
A3: Accounts for the year ended 30 June 2019
B4: 2018-19 | D4: 2017-18
A5: Income
A7: Collections | B7: =Income!$E$16 -> 192 | D7: =[1]Income!$E$16 -> 203.1
A8: Fun day grant | B8: =Income!$F$16 -> 0 | D8: =[1]Income!$F$16 -> 0
A9: Welcome Events Grants | B9: =Income!$G$16 -> 0 | D9: =[1]Income!$G$16 -> 250
A10: Planting Grant | B10: =Income!$H$16 -> 0 | D10: =[1]Income!$H$16 -> 0
A11: Interest | B11: =Income!$I$16 -> 3.54 | D11: =[1]Income!$I$16 -> 5.31
A12: Children's Activities Grant | B12: =Income!$J$16 -> 1580 | D12: =[1]Income!$J$16 -> 0
A14: Total | B14: =SUM(B7:B12) -> 1775.54 | D14: =SUM(D7:D12) -> 458.41
A16: Expenditure
A18: Domain | B18: =Expenditure!$D$26 -> 32.25 | D18: =[1]Expenditure!$D$33 -> 13.8
A19: AGM | B19: =Expenditure!$E$26 -> 97.82 | D19: =[1]Expenditure!$E$33 -> 40.86
A20: Pub quiz | B20: =Expenditure!$F$26 -> 0 | D20: =[1]Expenditure!$F$33 -> 38
A21: Insurance | B21: =Expenditure!$G$26 -> 164.4 | D21: =[1]Expenditure!$G$33 -> 164.52
A22: Welcome events | B22: =Expenditure!$H$26 -> 0 | D22: =[1]Expenditure!$H$33 -> 1333.91
A23: Planting | B23: =Expenditure!$I$26 -> 431.32 | D23: =[1]Expenditure!$I$33 -> 0
A24: External events | B24: =Expenditure!$J$26 -> 10 | D24: =[1]Expenditure!$J$33 -> 0
A25: Fun day | B25: =Expenditure!$K$26 -> 0 | D25: =[1]Expenditure!$K$33 -> 91.82
A26: Children's Activities Grant | B26: =Expenditure!$L$26 -> 1130.61 | D26: =[1]Expenditure!$L$33 -> 0
A28: Total | B28: =SUM(B18:B26) -> 1866.4 | D28: =SUM(D18:D26) -> 1682.91
A30: Surplus/Deficit for year | B30: =B14-B28 -> -90.86 | D30: =D14-D28 -> -1224.5
A31: Balance brought forward | B31: =$D$32 -> 637.08 | D31: 1861.58
A32: Balance carried forward | B32: =B30+B31 -> 546.22 | D32: =D30+D31 -> 637.08
A34: I confirm that these accounts represent a true
A35: and fair view of the dealings of the Organisation.
A37: Reviewed by:- Alan Irving, MCICM
A38: Date:- 3 July 2019
